cohdb
Replays
Latest Replays
All Replays
Popular Replays
Top Player Replays
Match Explorer
How It Works
Community
CoH3 Stats
Reddit
Sign in to upload your games and track your stats! →
Sign in with Steam
Match 41229393
Unlisted
Match 41229393
Overview
Messages
Build Orders
End
Royal Engineer Section
Construct Section Command Post
Infantry Section
Infantry Section
Selects Canadian Shock Battlegroup
Construct Field Infirmary
Dingo Light Scout Car
Selects Attacking Spirit
Selects Canadian Shock Section
Canadian Shock Section
Construct Platoon Command Post
Selects Incendiary Munitions
Unlock M3 Stuart Light Tanks
M3 Stuart Light Tank
MADAO
Hacsan
0
0
Comments
sign in to comment!
No comments posted yet!